 Dungeon Crawl Stone Soup version 0.18-a0-1147-g8e8348b (webtiles) character file.

89 Reinor the Insei (level 4, -4/31 HPs)
             Began as an Octopode Chaos Knight on Jan 22, 2016.
             Slain by a gnoll
             ... wielding a +0 whip
              (11 damage)
             ... on level 2 of the Dungeon.
             The game lasted 00:04:09 (2019 turns).

Reinor the Insei (Octopode Chaos Knight)            Turns: 2019, Time: 00:04:09

Health: -4/31      AC:  1    Str: 11    XL:     4   Next: 55%
Magic:  4/4        EV:  7    Int: 14    God:    Xom [....*.]
Gold:   119        SH:  0    Dex: 12    Spells: 0 memorised, 3 levels left

rFire  + . .     SeeInvis .       - Unarmed
rCold  + . .     Gourm    .     (no shield)
rNeg   . . .     Faith    .     (helmet restricted)
rPois  .         Spirit   .     (no amulet)
rElec  .         Dismiss  .     c - ring of protection from cold
rCorr  .         Reflect  .     j - ring of protection from fire
SustAt .         Harm     .     (no ring)
MR     .....                    (no ring)
Stlth  ++........               (no ring)
                                (no ring)
                                (no ring)
                                (no ring)

@: not resistant to hostile enchantments, unstealthy
A: almost no armour, amphibious, 8 rings, constrict 8, camouflage 1, gelatinous
body 1
a: Renounce Religion


You were on level 2 of the Dungeon.
You worshipped Xom.
You were a beloved toy of Xom.
You were not hungry.

You visited 1 branch of the dungeon, and saw 2 of its levels.

You collected 119 gold pieces.

Inventory:

Jewellery
 c - a ring of protection from cold (left tentacle)
 j - a ring of protection from fire (right tentacle)
Potions
 b - a potion of ambrosia
 e - a potion of agility {unknown}
 h - 2 potions of might {unknown}
 i - 3 potions of haste {unknown}
Comestibles
 a - 4 bread rations
 d - a meat ration
 f - a beef jerky
 g - 4 chunks of flesh


   Skills:
 - Level 3.0 Fighting
 - Level 2.3 Dodging
 + Level 5.2 Unarmed Combat


You had 3 spell levels left.
You didn't know any spells.

Dungeon Overview and Level Annotations

Branches:
Dungeon (2/15)

Altars:


Innate Abilities, Weirdness & Mutations

You cannot wear most types of armour.
You are amphibious.
You can wear up to eight rings at the same time.
You can use your tentacles to constrict eight enemies at once.
Your skin changes colour to match your surroundings (Stealth).
Your rubbery body absorbs attacks (AC +1).


Message History

You squeeze the gnoll, but do no damage.
The gnoll is heavily wounded.
You constrict the gnoll. The gnoll hits you with a whip! The gnoll hits you.
* * * LOW HITPOINT WARNING * * *
You are too injured to fight recklessly!
You are too injured to fight recklessly!
You are too injured to fight recklessly!
You release your grip on the gnoll.
The gnoll closely misses you.
A gnoll comes into view. It is wielding a spear.
The gnoll shouts!
Xom's power touches on you for a moment.
You are now a beloved toy of Xom.
The gnoll closely misses you.
There is a stone staircase leading up here.
The gnoll barely misses you.
The gnoll hits you from afar with a spear.
* * * LOW HITPOINT WARNING * * *
The gnoll hits you with a whip!
You die...
Xom titters!

((.......>.........###....)รท...#
...............................#
..........(....#...#.#.........#
........<..........#...........#
.............#..#...##.........#
....##.......##.#.#............#
...###.......##......##.......##
..............................#
..............@gg.....#######
.##.........#..g..........#
.......................#.#
.....................#...#
...[...............#####
.######.....[......#
#)...........# #............#
#..........###


You could see 3 gnolls.

Vanquished Creatures
  A gnoll (D:2)
  2 adders (D:2)
  An ooze (D:1)
  A giant gecko (D:2)
  A ball python (D:1)
  3 giant cockroaches (D:1)
  6 goblins
  6 hobgoblins
  8 jackals
  A quokka (D:2)
  5 bats
  3 giant newts
  8 kobolds
  7 rats
53 creatures vanquished.

Notes
Turn   | Place    | Note
--------------------------------------------------------------
     0 | D:1      | Reinor the Octopode Chaos Knight began the quest for the Orb.
     0 | D:1      | Reached XP level 1. HP: 16/16 MP: 1/1
   125 | D:1      | Reached XP level 2. HP: 18/21 MP: 2/2
   128 | D:1      | XOM: harmless Summ miscast
   191 | D:1      | Reached skill level 4 in Unarmed Combat
   316 | D:1      | XOM: harmless Divn miscast
   485 | D:1      | XOM is BORED!
   485 | D:1      | XOM: mild Summ miscast
   634 | D:1      | Reached XP level 3. HP: 26/26 MP: 3/3
  1235 | D:2      | XOM: butterfly on damage
  1507 | D:2      | Reached XP level 4. HP: 8/31 MP: 4/4
  1867 | D:2      | Reached skill level 5 in Unarmed Combat
  2009 | D:2      | XOM: mild Ice miscast
  2019 | D:2      | Slain by a gnoll

Vault maps used:
D:1:      dpeg_arrival_shelter, hex_medium, minmay_box_of_dots
D:2:      first_bread

Action                   |  1- 3 |  4- 6 || total
-------------------------+-------+-------++-------
Melee: Unarmed           |    94 |    31 ||   125
  Use: Scroll            |     2 |     2 ||     4
       Potion            |     1 |       ||     1
 Stab: Sleeping          |     4 |       ||     4
       Distracted        |     1 |       ||     1
  Eat: Chunk             |     1 |     2 ||     3
